 Dungeon Crawl Stone Soup version 0.28.0-53-g5a82cb258f (webtiles) character file.

Game seed: 3254904496368516135

49 Ashen the Ogre Mage (level 3, -1/33 HPs)
             Began as an Ogre Air Elementalist on June 28, 2022.
             Slain by an adder (2 damage)
             ... on level 2 of the Dungeon.
             The game lasted 00:05:18 (2044 turns).

Ashen the Ogre Mage (Ogre Air Elementalist)         Turns: 2044, Time: 00:05:20

Health: -1/33      AC:  3    Str: 12    XL:     3   Next: 75%
Magic:  0/7        EV: 10    Int: 18    God:
Gold:   32         SH:  0    Dex:  9    Spells: 2/8 levels left

rFire   . . .      SeeInvis .   l - +1 morningstar
rCold   . . .      Faith    .   (no shield)
rNeg    . . .      Spirit   .   a - +0 robe
rPois   +          Reflect  .   (helmet restricted)
rElec   .          Harm     .   (no cloak)
rCorr   .          Rampage  .   (gloves unavailable)
Will    .....                   (boots unavailable)
Stlth   ++........              (no amulet)
HPRegen 0.11/turn               h - ring of poison resistance
MPRegen 0.10/turn               (no ring)

@: about to teleport
A: large, unfitting armour, tough skin 1
a: no special abilities


You were on level 2 of the Dungeon.
You visited 1 branch of the dungeon, and saw 3 of its levels.

You collected 32 gold pieces.

Inventory:

Hand Weapons
 l - a +1 morningstar (weapon)
Armour
 a - a +0 robe (worn)
Jewellery
 h - a ring of poison resistance (left hand)
Scrolls
 b - a scroll of identify {unknown}
 c - a scroll of enchant armour {unknown}
 d - a scroll of teleportation
 e - a scroll of enchant weapon
 f - a scroll of magic mapping {unknown}
 g - a scroll of acquirement {unknown}
 k - a scroll of vulnerability {unknown}
Potions
 i - a potion of mutation {unknown}


   Skills:
 + Level 1.6 Fighting
 + Level 0.1 Maces & Flails
 + Level 2.1 Dodging
 + Level 1.7 Stealth
 * Level 3.2 Spellcasting
 + Level 1.2 Conjurations
 + Level 2.9 Air Magic


You had 2 spell levels left.
You knew the following spells:

 Your Spells              Type           Power      Damage    Failure   Level
a - Shock                 Conj/Air       40%        1d5       7%          1
b - Static Discharge      Conj/Air       10%        N/A       11%         2
c - Swiftness             Air            13%        N/A       14%         3

Your spell library contained the following spells:

 Spells                   Type           Power      Damage    Failure   Level
 Beastly Appendage        Tmut           4%         N/A       16%         1
 Wereblood                Tmut           2%         N/A       24%         2
 Spider Form              Tmut/Pois      2%         N/A       43%         3
 Tukima's Dance           Hex            2%         N/A       43%         3
 Airstrike                Air            6%         N/A       43%         4
 Anguish                  Hex/Necr       1%         N/A       85%         4
 Enfeeble                 Hex            1%         N/A       100%        7


Dungeon Overview and Level Annotations

Branches:
Dungeon (3/15)

Altars:


Innate Abilities, Weirdness & Mutations

You are too large for most types of armour.
You have tough skin. (AC +1)


Message History

The adder bites you. The frilled lizard closely misses you.
You barely miss the adder.
The adder is almost dead.
The adder closely misses you.
The frilled lizard bites you but does no damage.
The adder closely misses you.
Casting: Shock (safe; 7% risk of failure)
Confirm with . or Enter, or press ? or * to list all spells.
The frilled lizard is struck by an arc of lightning.
You kill the frilled lizard!
The orc is struck by an arc of lightning!
The orc is almost dead.
The lightning grounds out.
The adder barely misses you.
You barely miss the orc.
The orc is almost dead.
The adder bites you. The orc barely misses you. The adder bites you.
* * * LOW HITPOINT WARNING * * *
The orc hits you but does no damage.
You miss the adder.
The adder is almost dead.
The adder barely misses you. The orc hits you with a +0 club.
* * * LOW HITPOINT WARNING * * *
The adder closely misses you.
You barely miss the adder.
The adder is almost dead.
The adder completely misses you. The orc hits you but does no damage.
The adder bites you but does no damage. The orc hits you with a +0 club.
* * * LOW HITPOINT WARNING * * *
As you read the scroll labelled JAITSEMOOD, it crumbles to dust.
It is a scroll of enchant weapon.
Your +0 morningstar glows red for a moment.
The adder barely misses you. The orc closely misses you.
As you read the scroll labelled TAUCKE DOMECWOI, it crumbles to dust.
You feel strangely unstable.
It was a scroll of teleportation.
The adder bites you.
* * * LOW HITPOINT WARNING * * *
The orc hits you with a +0 club.
* * * LOW HITPOINT WARNING * * *
The adder bites you.
You die...

..............####.# #...# #.[
.......#...#....##.# #...# #..
...........#.#..##.# #...# #.#
##.....##..#..#....####...#####.#
#.....##..#.###.................
#.........o## ##.......)......<#
#.....##..## ##...............
#.....##>..## ##o####....#.##...
###.......#.###@## #....#.##### #
##########.#S## #....#...... #
##o## #....#.##.#. # #########
#.# #.........)# ####)>.....###.#
##......#... .....##........#
##.###.##<# ###..##.##.#####
#รท###.##.# # #.....##.# ###
#.#....... # ##.#####.#
####.######.#.#.##..


You could see an adder and 2 orcs.

Vanquished Creatures
  2 dart slugs (D:1)
  2 orcs
  2 ball pythons (D:1)
  An endoplasm (D:2)
  5 goblins
  A hobgoblin (D:1)
  5 jackals (D:1)
  A quokka (D:2)
  4 bats
  5 frilled lizards
  6 kobolds
  10 rats
44 creatures vanquished.

Notes
Turn   | Place    | Note
-------+----------+-------------------------------------------
     0 | D:1      | Ashen the Ogre Air Elementalist began the quest for the
                  | Orb.
     0 | D:1      | Reached XP level 1. HP: 16/16 MP: 3/3
   129 | D:1      | Reached skill level 1 in Conjurations
   206 | D:1      | Reached skill level 1 in Fighting
   206 | D:1      | Reached XP level 2. HP: 27/27 MP: 0/5
   573 | D:1      | Reached skill level 3 in Spellcasting
   635 | D:1      | Reached XP level 3. HP: 24/33 MP: 5/7
   796 | D:1      | Found a faded altar of an unknown god.
  1699 | D:2      | Learned a level 2 spell: Static Discharge
  1703 | D:2      | Learned a level 3 spell: Swiftness
  2044 | D:2      | HP: 1/33 [orc/+0 club (3)]
  2044 | D:2      | Slain by an adder

Illustrated notes

Levels and vault maps discovered:
D:1:      dpeg_arrival_windows_large_door, layout_rooms,
          shapermc_ecumenical_altar_mp_highgroup, chequers_mini_garden,
          chequers_serial_rivers_micro_d, kennysheep_flooded_box
D:2:      layout_loops_cross
D:3:      layout_rooms

Skill      XL: |  1  2 |
---------------+-------+-----
Conjurations   | 1 |  1.2
Fighting       | 1 |  1.6
Spellcasting   | 3 |  3.2
Dodging        | 2 |  2.1
Maces & Flails | |  0.1
Stealth        | |  1.7
Air Magic      | |  2.9

Action                   || total
-------------------------++-------
Melee: Unarmed           ||    31
       Mace              ||    10
       Whip              ||     7
       Morningstar       ||     7
 Cast: Shock             ||    58
       Static Discharge  ||     5
  Use: Scroll            ||     2
Armor: Robe              ||    37
Dodge: Dodged            ||    75
